 Dungeon Crawl Stone Soup version 0.18.1-50-g88ac8fd (webtiles) character file.

26078 nikopol the Cleaver (level 13, -4/116 HPs)
             Began as a Hill Orc Berserker on Oct 17, 2016.
             Was a High Priest of Trog.
             Shot with an arrow by Nessos (21 damage)
             ... on level 5 of the Lair of Beasts.
             The game lasted 00:47:11 (17859 turns).

nikopol the Cleaver (Hill Orc Berserker)           Turns: 17859, Time: 00:47:12

Health: -4/116     AC: 14    Str: 23    XL:     13   Next: 23%
Magic:  0/13       EV: 18    Int:  7    God:    Trog [*****.]
Gold:   1130       SH:  0    Dex: 12    Spells: 0 memorised, 12 levels left

rFire  . . .     SeeInvis .     z - +2 longbow (evade)
rCold  . . .     Gourm    .     w - +3 scale mail {MR+}
rNeg   . . .     Faith    .     (shield currently unavailable)
rPois  .         Spirit   +     (no helmet)
rElec  .         Dismiss  .     C - +1 cloak
rCorr  +         Reflect  .     (no gloves)
SustAt +         Harm     .     (no boots)
MR     +++..                    d - amulet of guardian spirit
Stlth  ..........               y - ring of sustain attributes
                                B - ring of resist corrosion

@: exhausted, very slightly contaminated, regenerating, slowed, very slow,
extremely resistant to hostile enchantments, extremely unstealthy
A: no striking features
a: Berserk, Trog's Hand, Brothers in Arms, Burn Spellbooks, Renounce Religion


You were on level 5 of the Lair of Beasts.
You worshipped Trog.
Trog was extremely pleased with you.
You were near starving.

You visited 2 branches of the dungeon, and saw 16 of its levels.
You also visited: Ossuary.

You collected 1130 gold pieces.

Inventory:

Hand Weapons
 a - the +5 war axe of Camuv {speed, rN+}
   (You found it on level 10 of the Dungeon)

   Attacks with this weapon are significantly faster.
   It protects you from negative energy.
 z - a +2 longbow of evasion (weapon)
 E - a +1 shortbow
 O - a +2 hand axe of electrocution
 V - a +0 shortbow of flaming
Missiles
 s - 366 arrows (quivered)
Armour
 w - a +3 scale mail of magic resistance (worn)
 C - a +1 cloak (worn)
Jewellery
 d - an amulet of guardian spirit (around neck)
 v - an uncursed ring of protection from magic
 y - a ring of sustain attributes (right hand)
 A - an uncursed ring of protection from cold
 B - a ring of resist corrosion (left hand)
Wands
 c - a wand of iceblast (7/15)
 q - a wand of confusion (25/48)
 r - a wand of teleportation (6/9)
 x - a wand of teleportation (0/9)
Scrolls
 f - 4 scrolls of remove curse
 g - 12 scrolls of identify
 o - 2 scrolls of teleportation
 H - a scroll of magic mapping {unknown}
 I - a scroll of fear
Potions
 h - 4 potions of heal wounds
 i - 2 potions of invisibility
 k - 4 potions of curing
 l - 2 potions of brilliance
 p - 4 potions of might
 D - a potion of cancellation
 L - a potion of flight
 N - a potion of cure mutation
Books
 b - a book of Frost

   Spells                             Type                      Level
   a - Freeze                         Ice                          1
   b - Throw Frost                    Conjuration/Ice              2
   c - Ozocubu's Armour               Charms/Ice                   3
   d - Throw Icicle                   Conjuration/Ice              4
   e - Summon Ice Beast               Ice/Summoning                4
   Trog disapproves of the use of such an item.
Comestibles
 j - 28 fruits
 m - 16 meat rations
 F - a beef jerky
 G - 8 bread rations
 M - 15 royal jellies


   Skills:
 + Level 11.2 Fighting
 * Level 14.9 Axes
 * Level 9.9 Bows
 + Level 10.1 Armour
 + Level 7.6 Dodging


You had 12 spell levels left.
You didn't know any spells.

Dungeon Overview and Level Annotations

Branches:
Dungeon (11/15)            Temple (0/1) D:4            Lair (5/8) D:11
  Swamp (0/4) Lair:3        Snake (0/4) Lair:3          Orc (0/2) D:11

Altars:
Ashenzari
Nemelex Xobeh
Okawaru
Xom

Shops:
D:4 *

Annotations:
Lair:5 Nessos


Message History

The six-headed hydra is almost dead.
Firing (i - inventory):
s - 367 arrows (quivered)
Press: ? - help, Shift-Dir - straight line, f/p - six-headed hydra
Aim: a six-headed hydra (severely wounded)
You shoot an arrow. The arrow hits the six-headed hydra!
The six-headed hydra is almost dead.
Your surroundings suddenly seem different.
Nessos barely misses you. Nessos hits you but does no damage.
Found a scroll of identify.
Found an escape hatch in the floor.
Nessos the Markscentaur comes into view.
Read which item? (? for menu, Esc to quit)
As you read the scroll of summoning, it crumbles to dust.
Wisps of shadow whirl around you... Nessos barely misses you.
Nessos blinks!
Nessos mumbles some strange words.
Nessos seems to speed up.
Read which item? (? for menu, Esc to quit)
As you read the scroll of fog, it crumbles to dust.
The scroll dissolves into smoke.
Nessos wields a longbow of flaming.
It bursts into flame!
Nessos shoots an arrow.
The arrow hits you!!
You die...

PP..#P..........
P.............P...P#.P..
.....P.............PP...
...................?....
...................c....
........................
..............#.D....P..
...............§l§......
..P... ......§@§F.....
...... ......§§§...... .
...... .........P..... .
#..... ........P##...#
...... .........# >..
....#. #......... ..
...... ..P....... .
....#P ..#......## .
P((... .


You could see Nessos, a friendly eight-headed hydra, a friendly basilisk and a
friendly giant frog.

Vanquished Creatures
  2 hydras
  The ghost of brutalsnowbear the Blocker, a novice HOFi of Fedhas (D:9)
  A death yak (Lair:5)
  A fire crab (Lair:3)
  An unseen horror (D:10)
  Pikel (D:5)
  A hill giant (D:11)
  A cyclops (D:11)
  A griffon (Lair:4)
  An ugly thing (D:11)
  3 elephants (Lair:5)
  A torpor snail (Lair:5)
  Joseph (Lair:1)
  A black mamba (Lair:5)
  A spiny frog (Lair:1)
  A rime drake (Lair:4)
  4 komodo dragons
  A queen bee (D:11)
  2 trolls
  A merfolk (D:9)
  Prince Ribbit (D:7)
  2 two-headed ogres
  A wyvern (Lair:4)
  21 yaks
  3 hippogriffs
  3 fire bats (Lair:1)
  2 basilisks (Lair:3)
  4 vampire mosquitoes (Lair:3)
  A steam dragon (Lair:4)
  A hungry ghost (D:11)
  4 water moccasins
  3 orc warriors
  5 porcupines
  2 eyes of draining
  2 sky beasts
  A necrophage (D:7)
  2 phantoms
  4 ice beasts
  A wasp (D:11)
  8 wolves
  10 ogres
  16 centaurs
  7 crocodiles
  6 elf zombies (Ossuary)
  A big kobold (D:9)
  12 giant frogs
  The ghost of olma the Skirmisher, a weakling MiFi (D:3)
  27 killer bees
  2 howler monkeys
  An electric eel (Lair:5)
  A crimson imp (D:6)
  2 giant frog zombies
  4 hounds
  A quasit (D:9)
  5 human zombies (Ossuary)
  2 centaur zombies
  5 orc priests
  A jelly (D:11)
  10 orc wizards
  A centaur skeleton (D:11)
  A giant frog skeleton (D:9)
  7 iguanas
  9 worker ants
  2 sheep (D:10)
  3 mummies (Ossuary)
  3 hound skeletons
  A worker ant zombie (D:11)
  7 adders
  A howler monkey skeleton (D:11)
  18 river rats (Lair:3)
  4 shadow imps
  A dart slug (D:3)
  4 giant geckos
  20 orcs
  A bat (D:1)
  7 giant cockroaches
  6 goblins
  11 hobgoblins
  19 jackals
  5 kobolds
  3 quokkas
  2 ball pythons
  9 giant newts
  A jackal zombie (D:7)
  4 rats
  2 fungi
  A plant (Lair:4)
365 creatures vanquished.

Vanquished Creatures (collateral kills)
  3 wolves (Lair:1)
3 creatures vanquished.

Vanquished Creatures (others)
  An adder (D:5)
  A ball python (D:5)
  4 fungi (Lair:3)
  4 plants (D:11)
10 creatures vanquished.

Grand Total: 378 creatures vanquished

Notes
Turn   | Place    | Note
--------------------------------------------------------------
     0 | D:1      | nikopol the Hill Orc Berserker began the quest for the Orb.
     0 | D:1      | Reached XP level 1. HP: 19/19 MP: 1/1
   223 | D:1      | Reached XP level 2. HP: 27/27 MP: 2/2
   885 | D:1      | Reached ** piety under Trog
   929 | D:1      | Reached XP level 3. HP: 33/33 MP: 3/3
  1175 | D:2      | Found an iron altar of Okawaru.
  1177 | D:2      | Found a shattered altar of Ashenzari.
  1783 | D:3      | Reached XP level 4. HP: 40/41 MP: 4/4
  1854 | D:3      | Noticed olma's ghost (weakling MiFi)
  1871 | D:3      | Killed olma's ghost
  1871 | D:3      | Reached skill level 5 in Axes
  2236 | D:3      | Reached XP level 5. HP: 46/47 MP: 5/5
  2550 | D:4      | Noticed a phantom
  2592 | D:4      | HP: 2/47 [phantom (6)]
  2695 | D:4      | Found Vomm's General Store.
  2729 | D:4      | Noticed an ogre
  2737 | D:4      | Killed an ogre
  2737 | D:4      | Reached skill level 5 in Fighting
  2799 | D:4      | Reached XP level 6. HP: 35/56 MP: 6/6
  3061 | D:4      | Found a staircase to the Ecumenical Temple.
  3391 | D:4      | Found a sparkling altar of Nemelex Xobeh.
  3531 | D:5      | Entered Level 5 of the Dungeon
  3555 | D:4      | Reached skill level 6 in Axes
  3660 | D:5      | Noticed a slave
  3662 | D:5      | Noticed a slave
  3663 | D:5      | Noticed Pikel
  3663 | D:5      | Noticed a slave
  3665 | D:5      | Noticed a slave
  3676 | D:5      | Killed Pikel
  3676 | D:5      | Reached skill level 7 in Axes
  3676 | D:5      | Reached skill level 5 in Armour
  3676 | D:5      | Reached XP level 7. HP: 64/64 MP: 7/7
  3676 | D:5      | Reached XP level 8. HP: 71/71 MP: 8/8
  3776 | D:5      | Reached *** piety under Trog
  4602 | D:6      | Reached skill level 8 in Axes
  4603 | D:6      | Found a shimmering altar of Xom.
  4662 | D:6      | Reached skill level 1 in Bows
  5004 | D:7      | Reached XP level 9. HP: 77/79 MP: 9/9
  5141 | D:7      | Noticed Prince Ribbit
  5164 | D:7      | Killed Prince Ribbit
  5164 | D:7      | Reached skill level 9 in Axes
  5188 | D:7      | Found a sand-covered staircase.
  5197 | Ossuary  | Entered an ossuary
  5574 | Ossuary  | Reached skill level 5 in Dodging
  6194 | D:8      | Reached **** piety under Trog
  6529 | D:8      | Reached skill level 10 in Axes
  6529 | D:8      | Reached XP level 10. HP: 71/90 MP: 7/10
  6679 | D:9      | Noticed brutalsnowbear's ghost (novice HOFi)
  6713 | D:9      | Killed brutalsnowbear's ghost
  6713 | D:9      | Reached skill level 5 in Bows
  7146 | D:9      | Reached skill level 11 in Axes
  8022 | D:10     | Entered Level 10 of the Dungeon
  8469 | D:10     | Got a warped war axe
  8470 | D:10     | Identified the +5 war axe of Camuv {speed, rN+} (You found it on level 10 of the Dungeon)
  8573 | D:10     | Killed an unseen horror
  8573 | D:10     | Received a gift from Trog
  8573 | D:10     | Reached XP level 11. HP: 58/97 MP: 8/11
  9169 | D:11     | Noticed a cyclops
  9209 | D:11     | Killed a cyclops
  9209 | D:11     | Reached skill level 12 in Axes
  9487 | D:11     | Received a gift from Trog
 10056 | D:11     | Found a staircase to the Orcish Mines.
 10267 | D:11     | Reached ***** piety under Trog
 10588 | D:11     | Noticed a green ugly thing
 10606 | D:11     | Killed a green ugly thing
 10666 | D:11     | Reached skill level 10 in Fighting
 10963 | D:11     | Noticed a hill giant
 10972 | D:11     | Killed a hill giant
 11155 | D:11     | Found a staircase to the Lair.
 11468 | D:11     | Received a gift from Trog
 11540 | D:11     | Reached skill level 13 in Axes
 11748 | D:11     | Got a translucent granite ring
 11924 | D:11     | Reached XP level 12. HP: 50/106 MP: 7/12
 12288 | Lair:1   | Entered Level 1 of the Lair of Beasts
 12479 | Lair:1   | Noticed Joseph
 12492 | Lair:1   | Killed Joseph
 13003 | Lair:1   | Received a gift from Trog
 14794 | Lair:3   | Identified the ring of Zugahacs {*Tele rN+} (You found it on level 11 of the Dungeon)
 14854 | Lair:3   | Found a staircase to the Snake Pit.
 14972 | Lair:3   | Found a staircase to the Swamp.
 15247 | Lair:3   | Reached skill level 14 in Axes
 15964 | Lair:4   | Noticed a four-headed hydra
 15980 | Lair:4   | Killed a four-headed hydra
 16821 | Lair:5   | Reached XP level 13. HP: 102/116 MP: 10/13
 17402 | Lair:5   | Reached skill level 10 in Armour
 17847 | Lair:5   | HP: 5/174 [six-headed hydra (6)]
 17858 | Lair:5   | Noticed Nessos
 17859 | Lair:5   | Shot with an arrow by Nessos

Skill      XL: |  1  2  3  4  5  6  7  8  9 10 11 12 13 |
---------------+----------------------------------------+-----
Fighting       | 4 5 6 7 8 9 10 11 | 11.2
Dodging        | 2 3 4 5 6 7 |  7.6
Axes           | 5 7 8 10 11 13 14 | 14.9
Armour         | 3 5 6 7 8 9 10 | 10.1
Bows           | 1 4 6 8 9 |  9.9

Action                   |  1- 3 |  4- 6 |  7- 9 | 10-12 | 13-15 || total
-------------------------+-------+-------+-------+-------+-------++-------
Melee: Hand axe          |   119 |   145 |   260 |   132 |       ||   656
       War axe           |       |       |       |   407 |    53 ||   460
       Shortbow          |       |       |       |     1 |       ||     1
 Fire: Shortbow          |       |       |    78 |   274 |       ||   352
       Longbow           |       |       |       |   176 |    38 ||   214
Invok: Berserk           |       |     4 |     1 |     2 |     1 ||     8
       Trog's Hand       |       |     1 |       |       |     1 ||     2
       Burn Spellbooks   |       |     1 |     2 |       |       ||     3
Evoke: Wand              |       |       |       |     1 |       ||     1
  Use: Scroll            |       |       |    16 |    10 |     4 ||    30
  Eat: Chunk             |     2 |     6 |    10 |    31 |     1 ||    50
       Bread ration      |       |     1 |       |       |       ||     1
       Beef jerky        |       |       |     1 |     1 |       ||     2
       Pizza             |       |       |       |     1 |     1 ||     2
Armor: Ring mail         |    42 |    20 |       |       |       ||    62
       Scale mail        |       |    22 |    70 |   207 |    50 ||   349
Dodge: Dodged            |    79 |    77 |   104 |   326 |   111 ||   697
